| TOP OF THE 1ST |
|
Paris Cubs batting - Pitching for Detroit Red Wings : LHP George Moran
|
|
Pitching: LHP George Moran
|
|
|
Batting: RHB Puluke Konane
|
0-0: Ball 1-0: Swinging Strike 1-1: Ground out 6-3 (Groundball, 6, EV 88.1 MPH)
|
|
Batting: RHB Brad Santanello
|
0-0: Ball 1-0: Ball 2-0: Fly out, F8 (Line Drive, 8LM, EV 89.4 MPH)
|
|
Batting: RHB Du Kim
|
0-0: Ball 1-0: Ground out 4-3 (Groundball, P, EV 86.9 MPH)
|
| Top of the 1st over - 0 runs, 0 hits, 0 errors, 0 left on base; Paris 0 - Detroit 0 |
| BOTTOM OF THE 1ST |
|
Detroit Red Wings batting - Pitching for Paris Cubs : RHP Roberto Cruz
|
|
Pitching: RHP Roberto Cruz
|
|
|
Batting: RHB Carlos Armenteros
|
0-0: Foul Ball, location: 2F 0-1: Ball 1-1: Swinging Strike 1-2: Fly out, F8 (Flyball, 8LD, EV 93.8 MPH)
|
|
Batting: RHB Tony Soto
|
0-0: Called Strike 0-1: Foul Ball, location: 2F 0-2: Ball 1-2: Foul Ball, location: 2F 1-2: Foul Ball, location: 2F 1-2: Ball 2-2: Ball 3-2: Foul Ball, location: 2F 3-2: Fly out, F9 (Flyball, 89S, EV 96.2 MPH)
|
|
Batting: LHB Jon Frederick
|
0-0: Fly out, F5 (Popup, 5F, EV 71.2 MPH)
|
| Bottom of the 1st over - 0 runs, 0 hits, 0 errors, 0 left on base; Paris 0 - Detroit 0 |
| TOP OF THE 2ND |
|
Paris Cubs batting - Pitching for Detroit Red Wings : LHP George Moran
|
|
Batting: RHB Ricardo Aguinaga
|
0-0: Foul Ball, location: 2F 0-1: Ball 1-1: Ground out 6-3 (Groundball, 6, EV 109.4 MPH)
|
|
Batting: RHB Khalil Stephens
|
0-0: Called Strike 0-1: Ball 1-1: Ball 2-1: Called Strike 2-2: Ball 3-2: Strikes out looking
|
|
Batting: RHB Gilberto Alvarado
|
0-0: Foul Ball, location: 2F 0-1: Foul Ball, location: 2F 0-2: Ball 1-2: SINGLE (Groundball, 56D, EV 100.0 MPH)
|
|
Batting: RHB Alvaro Romero
|
0-0: Called Strike 0-1: Ball 1-1: Swinging Strike 1-2: Ball 2-2: Ball 3-2: Fly out, F6 (Popup, 4M, EV 53.1 MPH)
|
| Top of the 2nd over - 0 runs, 1 hit, 0 errors, 1 left on base; Paris 0 - Detroit 0 |
| BOTTOM OF THE 2ND |
|
Detroit Red Wings batting - Pitching for Paris Cubs : RHP Roberto Cruz
|
|
Batting: SHB Ross Holland
|
0-0: Called Strike 0-1: Ground out 5-3 (Groundball, 56, EV 86.9 MPH)
|
|
Batting: RHB Tony Murray
|
0-0: Called Strike 0-1: SINGLE (Groundball, 56D, EV 97.5 MPH)
|
|
Batting: RHB Tony Nunez
|
0-0: Called Strike 0-1: Called Strike 0-2: Ball 1-2: Ball 2-2: Ball 3-2: Base on Balls Tony Murray to second
|
|
Batting: LHB Brad Gaskill
|
0-0: Called Strike 0-1: Ball 1-1: Ball 2-1: Foul Ball, location: 2F 2-2: Strikes out swinging
|
|
Batting: RHB Jeremiah Washington
|
0-0: SINGLE (Line Drive, 6MD, EV 97.5 MPH) Tony Murray to third Tony Nunez to second Runner from 3rd tries for Home, SAFE, throw by CF to home
|
|
Batting: LHB Steve Herrera
|
0-0: Fly out, F9 (Flyball, 89D, EV 98.8 MPH)
|
| Bottom of the 2nd over - 1 run, 2 hits, 0 errors, 2 left on base; Paris 0 - Detroit 1 |
| TOP OF THE 3RD |
|
Paris Cubs batting - Pitching for Detroit Red Wings : LHP George Moran
|
|
Batting: RHB T.J. Garrison
|
0-0: Ball 1-0: Called Strike 1-1: Foul Ball, location: 2F 1-2: Hit by Pitch
|
|
Batting: LHB Hiroki Yamamoto
|
0-0: Ball 1-0: Ball 2-0: Foul Ball, location: 2F 2-1: Ball 3-1: Called Strike 3-2: Fly out, F8 (Flyball, 8RD, EV 95.0 MPH)
|
|
Batting: RHB Puluke Konane
|
0-0: Swinging Strike 0-1: Called Strike 0-2: Foul Ball, location: 2F 0-2: Ball 1-2: Foul Ball, location: 2F 1-2: Ball 2-2: Fly out, F8 (Flyball, 78D, EV 105.6 MPH)
|
|
Batting: RHB Brad Santanello
|
0-0: Ball 1-0: Foul Ball, location: 2F 1-1: Fielders Choice at 2nd, 5-4 (Groundball, 56, EV 82.5 MPH)
|
| Top of the 3rd over - 0 runs, 0 hits, 0 errors, 1 left on base; Paris 0 - Detroit 1 |
| BOTTOM OF THE 3RD |
|
Detroit Red Wings batting - Pitching for Paris Cubs : RHP Roberto Cruz
|
|
Batting: RHB Carlos Armenteros
|
0-0: Swinging Strike 0-1: Foul Ball, location: 2F 0-2: Foul Ball, location: 2F 0-2: Foul Ball, location: 2F 0-2: Ball 1-2: Foul Ball, location: 2F 1-2: SINGLE (Groundball, 6MD, EV 101.2 MPH)
|
|
Batting: RHB Tony Soto
|
0-0: Ball 1-0: Swinging Strike 1-1: Foul Ball, location: 2F 1-2: Ball 2-2: Ball 3-2: Fly out, F6 (Popup, 6, EV 65.0 MPH)
|
|
Batting: LHB Jon Frederick
|
0-0: Ball Carlos Armenteros steals 2nd base 1-0: Ball 2-0: Ball 3-0: Called Strike 3-1: Base on Balls
|
|
Batting: SHB Ross Holland
|
0-0: Ball 1-0: Called Strike 1-1: Ball 2-1: Fielders Choice at 2nd, 4-6 (Groundball, 4, EV 88.1 MPH) Carlos Armenteros to third
|
|
Batting: RHB Tony Murray
|
0-0: Ball 1-0: 3-RUN HOME RUN (Flyball, 89XD, EV 100.6 MPH), Distance : 420 ft
|
|
Batting: RHB Tony Nunez
|
0-0: DOUBLE (Line Drive, 5D, EV 105.6 MPH)
|
|
Batting: LHB Brad Gaskill
|
0-0: Ball 1-0: Called Strike 1-1: Ball 2-1: Fly out, F7 (Flyball, 7S, EV 90.0 MPH)
|
| Bottom of the 3rd over - 3 runs, 3 hits, 0 errors, 1 left on base; Paris 0 - Detroit 4 |
| TOP OF THE 4TH |
|
Paris Cubs batting - Pitching for Detroit Red Wings : LHP George Moran
|
|
Batting: RHB Du Kim
|
0-0: Ball 1-0: Ball 2-0: Ball 3-0: Called Strike 3-1: Base on Balls
|
|
Batting: RHB Ricardo Aguinaga
|
0-0: Fly out, F8 (Flyball, 8LM, EV 75.6 MPH)
|
|
Batting: RHB Khalil Stephens
|
0-0: Ball 1-0: Called Strike 1-1: Called Strike 1-2: SINGLE (Line Drive, 6D, EV 96.2 MPH) Du Kim to second
|
|
Batting: RHB Gilberto Alvarado
|
0-0: Ball 1-0: 3-RUN HOME RUN (Flyball, 7D, EV 103.1 MPH), Distance : 405 ft
|
|
Batting: RHB Alvaro Romero
|
0-0: Ball 1-0: Foul Ball, location: 2F 1-1: Ball 2-1: Ball 3-1: Foul Ball, location: 2F 3-2: Ground out 5-3 (Groundball, 56S, EV 72.5 MPH)
|
|
Batting: RHB T.J. Garrison
|
0-0: Ground out 6-3 (Groundball, 56, EV 82.5 MPH)
|
| Top of the 4th over - 3 runs, 2 hits, 0 errors, 0 left on base; Paris 3 - Detroit 4 |
| BOTTOM OF THE 4TH |
|
Detroit Red Wings batting - Pitching for Paris Cubs : RHP Roberto Cruz
|
|
Batting: RHB Jeremiah Washington
|
0-0: Called Strike 0-1: Ball 1-1: Foul Ball, location: 2F 1-2: Foul Ball, location: 2F 1-2: Ball 2-2: Ground out 5-3 (Groundball, 56, EV 83.1 MPH)
|
|
Batting: LHB Steve Herrera
|
0-0: Ball 1-0: Ball 2-0: Called Strike 2-1: Called Strike 2-2: Foul Ball, location: 2F 2-2: Ground out 6-3 (Groundball, 6, EV 85.0 MPH)
|
|
Batting: RHB Carlos Armenteros
|
0-0: Fly out, F4 (Line Drive, 4, EV 73.1 MPH)
|
| Bottom of the 4th over - 0 runs, 0 hits, 0 errors, 0 left on base; Paris 3 - Detroit 4 |
| TOP OF THE 5TH |
|
Paris Cubs batting - Pitching for Detroit Red Wings : LHP George Moran
|
|
Batting: LHB Hiroki Yamamoto
|
0-0: Ball 1-0: Foul Ball, location: 2F 1-1: Foul Ball, location: 2F 1-2: Ball 2-2: Ball 3-2: SINGLE (Line Drive, 6M, EV 101.9 MPH)
|
|
Batting: RHB Puluke Konane
|
0-0: Fly out, F2 (Popup, 2RF, EV 84.4 MPH)
|
|
Batting: RHB Brad Santanello
|
0-0: Swinging Strike 0-1: Ball 1-1: Ball 2-1: Fly out, F6 (Line Drive, 6, EV 73.1 MPH)
|
|
Batting: RHB Du Kim
|
0-0: Swinging Strike 0-1: Ball 1-1: Fly out, F8 (Line Drive, 8RD, EV 94.4 MPH)
|
| Top of the 5th over - 0 runs, 1 hit, 0 errors, 1 left on base; Paris 3 - Detroit 4 |
| BOTTOM OF THE 5TH |
|
Detroit Red Wings batting - Pitching for Paris Cubs : RHP Roberto Cruz
|
|
Batting: RHB Tony Soto
|
0-0: TRIPLE (Line Drive, 89XD, EV 103.8 MPH)
|
|
Batting: LHB Jon Frederick
|
0-0: Ball 1-0: Ball Wild Pitch! Tony Soto scores 2-0: Called Strike 2-1: SINGLE (Line Drive, 89M, EV 91.9 MPH)
|
|
Batting: SHB Ross Holland
|
0-0: Swinging Strike 0-1: Swinging Strike 0-2: Ball 1-2: Strikes out swinging
|
|
Batting: RHB Tony Murray
|
0-0: Foul Ball, location: 2F 0-1: Ball 1-1: Swinging Strike 1-2: Foul Ball, location: 2F 1-2: Ball 2-2: Fly out, F9 (Flyball, 9LM, EV 84.4 MPH)
|
|
Batting: RHB Tony Nunez
|
0-0: Ball 1-0: Called Strike 1-1: Swinging Strike 1-2: SINGLE (Groundball, 15S, EV 66.9 MPH) (infield hit) Jon Frederick to second
|
|
Pitching: LHP Jose Urena
|
|
|
Batting: LHB Brad Gaskill
|
0-0: Ball 1-0: Ball 2-0: Ball 3-0: Swinging Strike 3-1: Swinging Strike 3-2: Strikes out looking
|
| Bottom of the 5th over - 1 run, 3 hits, 0 errors, 2 left on base; Paris 3 - Detroit 5 |
| TOP OF THE 6TH |
|
Paris Cubs batting - Pitching for Detroit Red Wings : LHP George Moran
|
|
Batting: RHB Ricardo Aguinaga
|
0-0: Ball 1-0: Ground out 5-3 (Groundball, 56, EV 87.5 MPH)
|
|
Batting: RHB Khalil Stephens
|
0-0: Swinging Strike 0-1: Fly out, F9 (Flyball, 89M, EV 86.9 MPH)
|
|
Batting: RHB Gilberto Alvarado
|
0-0: Fly out, F3 (Line Drive, 3, EV 68.8 MPH)
|
| Top of the 6th over - 0 runs, 0 hits, 0 errors, 0 left on base; Paris 3 - Detroit 5 |
| BOTTOM OF THE 6TH |
|
Detroit Red Wings batting - Pitching for Paris Cubs : LHP Jose Urena
|
|
Batting: RHB Jeremiah Washington
|
0-0: Ball 1-0: Foul Ball, location: 2F 1-1: Foul Ball, location: 2F 1-2: Ball 2-2: Strikes out looking
|
|
Batting: LHB Steve Herrera
|
0-0: Ground out 5-3 (Groundball, 56S, EV 80.0 MPH)
|
|
Batting: RHB Carlos Armenteros
|
0-0: Called Strike 0-1: Ball 1-1: Called Strike 1-2: Ball 2-2: Ball 3-2: SINGLE (Groundball, 25, EV 70.6 MPH) (infield hit)
|
|
Batting: RHB Tony Soto
|
0-0: Called Strike 0-1: Ball 1-1: 2-RUN HOME RUN (Flyball, 7LD, EV 95.0 MPH), Distance : 347 ft
|
|
Batting: LHB Jon Frederick
|
0-0: Called Strike 0-1: Swinging Strike 0-2: Ball 1-2: Ball 2-2: Ball 3-2: Base on Balls
|
|
Batting: SHB Ross Holland
|
0-0: 2-RUN HOME RUN (Line Drive, 78XD, EV 115.6 MPH), Distance : 474 ft
|
|
Batting: RHB Tony Murray
|
0-0: DOUBLE (Line Drive, 9LM, EV 113.8 MPH)
|
|
Batting: RHB Tony Nunez
|
0-0: Ball 1-0: Called Strike 1-1: Swinging Strike 1-2: Strikes out looking
|
| Bottom of the 6th over - 4 runs, 4 hits, 0 errors, 1 left on base; Paris 3 - Detroit 9 |
| TOP OF THE 7TH |
|
Paris Cubs batting - Pitching for Detroit Red Wings : LHP George Moran
|
|
Batting: RHB Alvaro Romero
|
0-0: Ball 1-0: Ground out 4-3 (Groundball, 4M, EV 84.4 MPH)
|
|
Batting: RHB T.J. Garrison
|
0-0: SINGLE (Flyball, 89S, EV 91.9 MPH)
|
|
Batting: LHB Hiroki Yamamoto
|
0-0: Foul Ball, location: 2F 0-1: SINGLE (Line Drive, 7S, EV 105.0 MPH) T.J. Garrison to second
|
|
Batting: RHB Puluke Konane
|
0-0: Ball 1-0: DOUBLE (Line Drive, 9LM, EV 112.5 MPH) T.J. Garrison scores Hiroki Yamamoto to third Runner from 3rd tries for Home, SAFE, throw by RF to trailing runner, SAFE at third!
|
|
Batting: RHB Brad Santanello
|
0-0: Foul Ball, location: 2F 0-1: Ball 1-1: Ball 2-1: SINGLE (Groundball, 34D, EV 106.2 MPH) Puluke Konane scores
|
|
Batting: RHB Du Kim
|
0-0: Fly out, F9 (Flyball, 89D, EV 82.5 MPH)
|
|
Batting: RHB Ricardo Aguinaga
|
0-0: Ball 1-0: Ball 2-0: Called Strike 2-1: Foul Ball, location: 2F 2-2: Ball Wild Pitch! Brad Santanello to second 3-2: Ground out 5-3 (Groundball, 5S, EV 67.5 MPH)
|
| Top of the 7th over - 3 runs, 4 hits, 0 errors, 1 left on base; Paris 6 - Detroit 9 |
| BOTTOM OF THE 7TH |
|
Detroit Red Wings batting - Pitching for Paris Cubs : LHP Jose Urena
|
|
Batting: LHB Brad Gaskill
|
0-0: Ball 1-0: Foul Ball, location: 2F 1-1: Ball 2-1: SINGLE (Groundball, 4MD, EV 98.1 MPH)
|
|
Batting: RHB Jeremiah Washington
|
0-0: Ball 1-0: Ball 2-0: 2-RUN HOME RUN (Flyball, 7LD, EV 92.5 MPH), Distance : 354 ft
|
|
Batting: LHB Steve Herrera
|
0-0: Ball 1-0: Called Strike 1-1: Called Strike 1-2: Ball 2-2: Strikes out swinging
|
|
Batting: RHB Carlos Armenteros
|
0-0: Swinging Strike 0-1: Ball 1-1: Called Strike 1-2: TRIPLE (Line Drive, 9LD, EV 105.0 MPH)
|
|
Batting: RHB Tony Soto
|
0-0: Called Strike 0-1: Ball 1-1: 2-RUN HOME RUN (Flyball, 78XD, EV 108.8 MPH), Distance : 437 ft
|
|
Pitching: RHP Josh Burns
|
|
|
Batting: LHB Jon Frederick
|
0-0: Ball 1-0: Foul Ball, location: 2F 1-1: Foul Ball, location: 2F 1-2: Foul Ball, location: 2F 1-2: Fly out, F5 (Popup, 5, EV 66.2 MPH)
|
|
Batting: SHB Ross Holland
|
0-0: Ball 1-0: Swinging Strike 1-1: Called Strike 1-2: SINGLE (Line Drive, 4MD, EV 103.8 MPH)
|
|
Batting: RHB Tony Murray
|
0-0: Ball 1-0: Fly out, F8 (Flyball, 89M, EV 91.9 MPH)
|
| Bottom of the 7th over - 4 runs, 5 hits, 0 errors, 1 left on base; Paris 6 - Detroit 13 |
| TOP OF THE 8TH |
|
Paris Cubs batting - Pitching for Detroit Red Wings : LHP George Moran
|
|
Batting: RHB Khalil Stephens
|
0-0: Fly out, F7 (Flyball, 7, EV 76.9 MPH)
|
|
Batting: RHB Gilberto Alvarado
|
0-0: Called Strike 0-1: Foul Ball, location: 2F 0-2: Strikes out looking
|
|
Batting: RHB Alvaro Romero
|
0-0: Ball 1-0: Ball 2-0: Ball 3-0: Called Strike 3-1: Swinging Strike 3-2: Base on Balls
|
|
Batting: RHB T.J. Garrison
|
0-0: Ball Wild Pitch! Alvaro Romero to second 1-0: Called Strike 1-1: Called Strike 1-2: Ball 2-2: Ball 3-2: Foul Ball, location: 2F 3-2: Base on Balls
|
|
Pitching: RHP Mike Santana
|
|
|
Batting: LHB Hiroki Yamamoto
|
0-0: Ball 1-0: Fielders Choice at 2nd, 6-4 (Groundball, 6, EV 90.6 MPH)
|
| Top of the 8th over - 0 runs, 0 hits, 0 errors, 2 left on base; Paris 6 - Detroit 13 |
| BOTTOM OF THE 8TH |
|
Detroit Red Wings batting - Pitching for Paris Cubs : RHP Josh Burns
|
|
Batting: RHB Tony Nunez
|
0-0: Called Strike 0-1: Ball 1-1: Ball 2-1: Swinging Strike 2-2: Fly out, F6 (Line Drive, 6, EV 72.5 MPH)
|
|
Batting: LHB Brad Gaskill
|
0-0: Fly out, F8 (Flyball, 78M, EV 78.8 MPH)
|
|
Batting: RHB Jeremiah Washington
|
0-0: Ball 1-0: Ball 2-0: Ball 3-0: Base on Balls
|
|
Batting: LHB Steve Herrera
|
0-0: Swinging Strike 0-1: Fly out, F2 (Popup, 25F, EV 91.9 MPH)
|
| Bottom of the 8th over - 0 runs, 0 hits, 0 errors, 1 left on base; Paris 6 - Detroit 13 |
| TOP OF THE 9TH |
|
Paris Cubs batting - Pitching for Detroit Red Wings : RHP Mike Santana
|
|
Batting: RHB Puluke Konane
|
0-0: Swinging Strike 0-1: Ball 1-1: SINGLE (Flyball, 3D, EV 96.9 MPH)
|
|
Batting: RHB Brad Santanello
|
0-0: DOUBLE (Flyball, 89XD, EV 99.4 MPH) Puluke Konane to third
|
|
Batting: RHB Du Kim
|
0-0: Swinging Strike 0-1: Ball 1-1: Ball 2-1: Fly out, F7 (Line Drive, 7D, EV 105.0 MPH) Runner from 3rd tags up, SCORES, no throw by LF
|
|
Batting: RHB Ricardo Aguinaga
|
0-0: Called Strike 0-1: Ball 1-1: Foul Ball, location: 2F 1-2: Ball 2-2: Strikes out swinging
|
|
Batting: RHB Khalil Stephens
|
0-0: Ball 1-0: Fly out, F8 (Flyball, 78XD, EV 76.2 MPH)
|
| Top of the 9th over - 1 run, 2 hits, 0 errors, 1 left on base; Paris 7 - Detroit 13 |
|